 Dungeon Crawl Stone Soup version 0.26-a0-812-g31a745ddcd (webtiles) character file.

Game seed: 10807518796970396962

177 tilp the Ruffian (level 5, -6/49 HPs)
             Began as an Ogre Transmuter on Dec 7, 2020.
             Mangled by Menkaure (22 damage)
             ... on level 4 of the Dungeon.
             The game lasted 00:05:40 (3556 turns).

tilp the Ruffian (Ogre Transmuter)                  Turns: 3556, Time: 00:05:41

Health: -6/49      AC:  4    Str: 15    XL:     5   Next: 57%
Magic:  7/8        EV: 10    Int: 14    God:
Gold:   138        SH:  0    Dex:  9    Spells: 2/8 levels left

rFire    . . .     SeeInvis .     - Unarmed
rCold    . . .     Faith    .   (no shield)
rNeg     . . .     Spirit   .   a - +0 robe
rPois    .         Reflect  .   (helmet currently unavailable)
rElec    .         Harm     .   e - +0 cloak
rCorr    .         Rampage  .   (gloves unavailable)
MR       .....                  (boots unavailable)
Stlth    +.........             (no amulet)
HPRegen  0.16/turn              (no ring)
MPRegen  0.11/turn              (no ring)

@: appendages
A: large, unfitting armour, horns 2, talons 2, tough skin 1
a: End Transformation


You were on level 4 of the Dungeon.
You had grown temporary horns.
You had grown temporary talons.
You visited 1 branch of the dungeon, and saw 4 of its levels.

You collected 138 gold pieces.

Inventory:

Hand Weapons
 j - a +2 dagger of venom
Missiles
 d - 102 stones (quivered)
 q - 4 large rocks
 s - 4 poisoned darts
Armour
 a - a +0 robe (worn)
 e - a +0 cloak (worn)
 p - a cursed -1 kite shield
 r - a +2 hat (melded)
Scrolls
 c - a scroll of amnesia
 g - a scroll of identify {unknown}
 h - 2 scrolls of immolation
 i - a scroll of fog {unknown}
 m - a scroll of remove curse {unknown}
 n - a scroll of teleportation
 o - a scroll of random uselessness {unknown}
Potions
 f - a potion of resistance
 k - a potion of mutation {unknown}
 l - a potion of flight {unknown}
 t - a potion of degeneration {unknown}
 u - a potion of attraction
 v - a potion of cancellation {unknown}


   Skills:
 - Level 2.0 Fighting
 - Level 1.7 Dodging
 + Level 4.8 Unarmed Combat
 - Level 2.4 Spellcasting
 - Level 3.0 Transmutations


You had 2 spell levels left.
You knew the following spells:

 Your Spells              Type           Power        Failure   Level
a - Beastly Appendage     Tmut           ##....       7%          1
b - Wereblood             Tmut           ##......     10%         2
c - Spider Form           Tmut/Pois      #.........   36%         3

Your spell library contained the following spells:

 Spells                   Type           Power        Failure   Level
 Ice Form                 Ice/Tmut       #.......     77%         4
 Blade Hands              Tmut           ##........   88%         5


Dungeon Overview and Level Annotations

Branches:
Dungeon (4/15)
 Temple: D:4-7

Altars:

Annotations:
D:4 Menkaure


Innate Abilities, Weirdness & Mutations

You are too large for most types of armour.
You have tough skin. (AC +1)
You have a pair of horns on your head.
You have razor-sharp toenails.


Message History

Confirm with . or Enter, or press ? or * to list all spells.
You grow a pair of large bovine horns.
Your feet morph into talons.
Your +2 hat melds into your body.
You climb downwards.
Level annotation: Menkaure
There is a stone staircase leading up here.
Unknown command.
Menkaure calls on the powers of darkness!
Your body is wracked with pain!
You are too injured to fight recklessly!
You are too injured to fight recklessly!
You are too injured to fight recklessly!
You hit Menkaure but do no damage. Menkaure hits you!
* * * LOW HITPOINT WARNING * * *
You hit Menkaure but do no damage. You punch Menkaure! You claw Menkaure.
You headbutt Menkaure, but do no damage.
Menkaure is heavily damaged.
Menkaure hits you!!
You die...

#........ ##
#.........###. .##
#............. >.###
#.........#... ....####
#[............
.#.....####.....♣.....
.................⌠..#
.........##.....♣M..##
.........##.....@....#
##.....#......<......#
#...............#......
........................
.###.....#..............
# #..##................
#.....................
#...................>..
.................<....


You could see Menkaure.

Vanquished Creatures
  An orc priest (D:3)
  2 worker ants (D:4)
  2 adders (D:2)
  2 oozes
  A dart slug (D:2)
  3 leopard geckos
  2 orcs
  2 ball pythons
  A giant cockroach (D:3)
  7 goblins
  6 hobgoblins
  6 jackals
  8 kobolds
  2 quokkas
  6 bats
  3 frilled lizards
  5 rats
59 creatures vanquished.

Notes
Turn   | Place    | Note
-------+----------+-------------------------------------------
     0 | D:1      | tilp the Ogre Transmuter began the quest for the Orb.
     0 | D:1      | Reached XP level 1. HP: 19/19 MP: 3/3
   229 | D:1      | Reached skill level 3 in Unarmed Combat
   229 | D:1      | Reached XP level 2. HP: 27/28 MP: 5/5
   690 | D:1      | Learned a level 2 spell: Wereblood
  1035 | D:2      | Reached XP level 3. HP: 28/35 MP: 4/6
  1366 | D:2      | Reached skill level 4 in Unarmed Combat
  1659 | D:2      | Reached XP level 4. HP: 41/42 MP: 5/7
  2111 | D:2      | Learned a level 3 spell: Spider Form
  2782 | D:3      | Reached XP level 5. HP: 44/49 MP: 5/8
  3427 | D:4      | Noticed Menkaure
  3556 | D:4      | Mangled by Menkaure

Illustrated notes

Levels and vault maps discovered:
D:1:      psy_arrival_spokes, layout_basic
D:2:      layout_loops_ring, minmay_misc_feat_square
D:3:      minmay_chambers_of_twos, layout_loops_ring, chequers_jeans
D:4:      layout_rooms, hangedman_feature_mirror, vehumet_altar_wand_db,
          uniq_menkaure, uniq_pikel

Skill      XL: |  1  2  3  4  5 |
---------------+----------------+-----
Fighting       | 2 |  2.0
Unarmed Combat | 3 4 |  4.8
Transmutations | 2 3 |  3.0
Dodging        | |  1.7
Spellcasting   | |  2.4

Action                   |  1- 3 |  4- 6 || total
-------------------------+-------+-------++-------
Melee: Unarmed           |   111 |    83 ||   194
       Kick              |    12 |     8 ||    20
       Headbutt          |     7 |    11 ||    18
       Punch             |       |     1 ||     1
Throw: Stone             |     2 |     4 ||     6
 Cast: Beastly Appendage |    18 |    21 ||    39
       Wereblood         |     1 |     1 ||     2
  Use: Scroll            |     1 |     2 ||     3
       Potion            |       |     3 ||     3
Armor: Robe              |    49 |    28 ||    77
Dodge: Dodged            |    84 |    42 ||   126

Table legend: (Time is in decaauts)
 A = Elapsed time spent in this place.
 B = Non-inter-level travel time spent in this place.
 C = Inter-level travel time spent in this place.
 D = Time resting spent in this place.
 E = Time spent auto-exploring this place.
 F = Levels seen in this place.
 G = Mean time per level.
                   A        B        C        D        E       F      G
               +--------+--------+--------+--------+--------+-----+--------+
         Total |   3546 |   3424 |    122 |    967 |   1954 |   4 |  886.5 |
       Dungeon |   3546 |   3424 |    122 |    967 |   1954 |   4 |  886.5 |
               +--------+--------+--------+--------+--------+-----+--------+

Top non-repeatable levels by time:
     D:2: 1424 daAuts
     D:3: 1200 daAuts
     D:1: 818 daAuts
     D:4: 102 daAuts
